 Dungeon Crawl Stone Soup version 0.30-a0-304-gdc4b735fe1 (webtiles) character file.

Game seed: 7409765615244894798

3226 kae the Ruffian (level 9, -4/88 HPs)
             Began as a Black Draconian Transmuter on Oct 20, 2022.
             Was an Initiate of Ru.
             Slain by an orc warrior
             ... wielding a +0 glaive
              (10 damage)
             ... in a bailey.
             The game lasted 00:10:14 (10874 turns).

kae the Ruffian (Black Draconian Transmuter)       Turns: 10874, Time: 00:10:14

Health: -4/88      AC:  8    Str: 12    XL:     9   Next: 66%
Magic:  13/16      EV: 11    Int: 19    God:    Ru [......]
Gold:   920        SH:  0    Dex: 11    Spells: 7/17 levels left

rFire   x . .      SeeInvis .      - Unarmed
rCold   + + +      Faith    .    (shield currently unavailable)
rNeg    . . .      Spirit   .    (body armour unavailable)
rPois   +          Reflect  .    (helmet currently unavailable)
rElec   .          Harm     .    (cloak currently unavailable)
rCorr   .          Rampage  .    (gloves currently unavailable)
Will    .....                    (boots currently unavailable)
Stlth   +.........               (no amulet)
HPRegen 0.34/turn                (no ring)
MPRegen 0.15/turn                (no ring)

@: ice-form (expiring)
A: freezing attack, amphibious, boosted hp, (breathe lightning), AC +7, large,
unfitting armour, (electricity resistance), (cold-blooded)
a: End Transformation, Renounce Religion


You were in a bailey.
You worshipped Ru.
Ru was noncommittal.
You were a creature of crystalline ice.
You visited 2 branches of the dungeon, and saw 9 of its levels.
You also visited: Bailey.

You collected 920 gold pieces.


Innate Abilities, Weirdness & Mutations

You are a creature of crystalline ice.
You have a powerful freezing melee attack.
You are amphibious.
Your maximum health is increased.
Your armour is entirely melded.
You are incapable of wielding weapons or throwing items.
((You can breathe wild blasts of lightning.))
((Your glossy black scales are hard. (AC +7)))
You cannot fit into any form of body armour.
((You are resistant to electric shocks. (rElec)))
((You are cold-blooded and may be slowed by cold attacks.))


   Skills:
 + Level 5.3 Fighting
 + Level 4.2 Dodging
 * Level 7.7 Unarmed Combat
 + Level 4.9 Spellcasting
 + Level 5.2 Transmutations
 * Level 5.9 Ice Magic
 - Level 2.4 Poison Magic


You had 7 spell levels left.
You knew the following spells:

 Your Spells              Type           Power      Damage    Failure   Level
a - Beastly Appendage     Tmut           48%        N/A       1%          1
b - Wereblood             Tmut           24%        N/A       2%          2
c - Spider Form           Tmut/Pois      19%        N/A       8%          3
d - Ice Form              Ice/Tmut       26%        N/A       12%         4

Your spell library contained the following spells:

 Spells                   Type           Power      Damage    Failure   Level
 Sting                    Tmut/Pois      76%        1d6       2%          1
 Poisonous Vapours        Pois/Air       18%        N/A       12%         2
 Ignite Poison            Fire/Tmut/Pois 14%        N/A       13%         3
 Scorch                   Fire           8%         2d5       19%         2
 Dazzling Flash           Conj/Hex       8%         N/A       36%         3
 Olgreb's Toxic Radiance  Pois           14%        N/A       41%         4
 Flame Wave               Conj/Fire      4%         2d5       77%         4
 Iskenderun's Mystic Bla  Conj/Tloc      4%         2d3       77%         4
 Sticky Flame             Conj/Fire      4%         2d3       77%         4
 Starburst                Conj/Fire      2%         6d3       100%        6
 Summon Cactus Giant      Summ           2%         N/A       100%        6
 Ignition                 Fire           2%         3d3       100%        8

Inventory:

Hand Weapons
 p - a +0 whip of flaming
   (You took it off a gnoll on level 4 of the Dungeon)
Missiles
 e - 3 javelins
 g - 85 stones
 i - 10 boomerangs
 r - 5 throwing nets {=f!f}
 s - 22 poisoned darts
Magical Staves
 n - a staff of earth {!a}
   (You found it on level 8 of the Dungeon)
 u - a staff of poison {!a}
   (You found it on level 5 of the Dungeon)
Wands
 t - a wand of roots (9)
   (You found it on level 7 of the Dungeon)
 w - a wand of digging (7)
   (You found it on level 5 of the Dungeon)
Scrolls
 c - 4 scrolls of poison {!r}
 k - 2 scrolls of enchant weapon
 o - a scroll of vulnerability {!r!r}
 v - a scroll of brand weapon
Potions
 a - 2 potions of lignification {!q}
 b - 21 potions of degeneration {!q}
 d - a potion of invisibility {unknown}
 f - 2 potions of ambrosia
 h - 3 potions of attraction {unknown}
 j - 2 potions of berserk rage {!q}
 l - 2 potions of brilliance {unknown}
 m - 2 potions of might
 q - 3 potions of curing {@q1}
 x - a potion of flight

Dungeon Overview and Level Annotations

Branches:
Dungeon (8/15) Zot: 26637  Temple (1/1) D:7 Zot: 5841  Bailey (1/1) Zot: 5948
   Lair: D:8-11

Altars:
Ashenzari
Cheibriados
Dithmenos
Elyvilon
Fedhas
Gozag
Hepliaklqana
Kikubaaqudgha
Makhleb
Nemelex Xobeh
Okawaru
Qazlal
Ru
Sif Muna
Trog
Uskayaw
Vehumet
Wu Jian
Xom
Zin
The Shining One

Annotations:
D:7 4 runed translucent doors

#...≈≈≈≈≈♣ ###
##.♣..≈≈≈≈♣..#..####
###.....≈≈≈≈...#.....
♣....♣..≈≈≈≈.♣.##...
........≈≈≈≈....#..#
.......######...#.8#
∩...............#oo#
................').#
................Y.o#
∩...............#..#
.......######...#o8#
.....♣..≈≈≈≈....#o.#
♣...♣♣..≈≈≈≈...##...
###.....≈≈≈≈...#.....
..≈≈≈≈≈..#$.####
...≈≈≈≈..####
♣..≈≈≈≈≈..


You could see 2 orc warriors and 3 orcs.


Message History

Things that are here:
a +0 spear; a gnoll corpse No target in view!
No target in view!
b - 15 potions of degeneration {!q} (gained 2) 😕 HP[+1]
b - 17 potions of degeneration {!q} (gained 2) 😕 HP[+1] MP[+1]
There is a flagged portal here.
You hear the steady creaking of a portcullis.
b - 19 potions of degeneration {!q} (gained 2) 😕 HP[+1] 😕 MP[+1] 😕 HP[+1]
b - 21 potions of degeneration {!q} (gained 2) 😕 HP[+1]
There is a flagged portal here.
The world spins around you as you enter the gateway.
You enter a bailey!
Found a gate leading back out of this place.
There is an empty arch of ancient stone here. 😕 HP[+1] MP[+1]
Your mp is fully restored (16).
Unknown command.
You open the large door.
An orc comes into view. It is wielding a +0 trident.
The orc shouts! 😎 HP[+7]
Your hp is fully restored (88).
An orc is nearby!
An orc is nearby!
Unknown command.
Casting: Ice Form (dangerous; 12% risk of failure)
Confirm with . or Enter, or press ? or * to list all spells.
You miscast Ice Form.
You are very lightly contaminated with residual magic.
Nothing appears to happen.
The orc hits you but does no damage. 😎 MP[-4]
You lost 4 mp, and now have 12/16 mp.
An orc warrior comes into view. It is wielding a +0 glaive.
The orc warrior shouts!
The orc barely misses you.
There is a large open door here.
You punch the orc! You freeze the orc.
You kill the orc!
An orc comes into view. It is wielding a +0 spear.
An orc comes into view. It is wielding a +0 halberd.
Things that are here:
a +0 trident; a +0 ring mail Your transformation is almost over.
The orc warrior closely misses you.
You closely miss the orc warrior.
The orc shouts!
An orc comes into view. It is wielding a +0 spear.
An orc warrior comes into view. It is wielding a +0 halberd.
The orc warrior barely misses you.
You hit the orc warrior. You freeze the orc warrior.
The orc warrior barely misses you.
You hit the orc warrior. You freeze the orc warrior.
The orc hits you from afar with a +0 halberd.
The orc warrior hits you with a +0 glaive!
Your magical contamination has completely faded away. 😕 HP[-18] MP[+1]
You take 18 damage, and now have 70/88 hp.
MASSIVE DAMAGE!! (PAUSE)
You hit the orc warrior. You freeze the orc warrior.
The orc closely misses you.
The orc warrior hits you from afar with a +0 halberd!
The orc warrior hits you with a +0 glaive!!
* * * LOW HITPOINT WARNING * * *
😨 HP[-31]
You take 31 damage, and now have 39/88 hp.
MASSIVE DAMAGE!! (PAUSE)
You hit the orc warrior but do no damage.
The orc hits you but does no damage. The orc closely misses you.
The orc warrior hits you from afar with a +0 halberd!
* * * LOW HITPOINT WARNING * * *
😨 HP[-15]
You take 15 damage, and now have 24/88 hp.
You hit the orc warrior but do no damage.
The orc hits you but does no damage. The orc barely misses you.
The orc warrior closely misses you. x2 😨 HP[+1] Unknown command.
Unknown command.
You hit the orc warrior. You freeze the orc warrior.
The orc hits you but does no damage. The orc barely misses you.
The orc warrior hits you from afar with a +0 halberd.
* * * LOW HITPOINT WARNING * * *
The orc warrior closely misses you. 😱 HP[-5]
You take 5 damage, and now have 20/88 hp.
Unknown command.
Okay, then.
Okay, then.
The orc hits you but does no damage. The orc closely misses you.
The orc warrior hits you from afar with a +0 halberd!
* * * LOW HITPOINT WARNING * * *
The orc warrior hits you from afar with a +0 glaive!
You die...

Skill      XL: |  1  2  3  4  5  6  7  8  9 |
---------------+----------------------------+-----
Fighting       | 2 3 4 5 |  5.3
Poison Magic   | 1 2 |  2.4
Unarmed Combat | 4 5 6 7 |  7.7
Transmutations | 3 4 5 |  5.2
Spellcasting   | 3 4 |  4.9
Ice Magic      | 1 3 4 5 |  5.9
Dodging        | 2 3 4 |  4.2

Action                   |  1- 3 |  4- 6 |  7- 9 || total
-------------------------+-------+-------+-------++-------
Melee: Unarmed           |    89 |   180 |   268 ||   537
       Tailslap          |     7 |     7 |     3 ||    17
       Kick              |     8 |     1 |       ||     9
       Punch             |     2 |       |       ||     2
       Headbutt          |     5 |       |       ||     5
 Cast: Beastly Appendage |     8 |     4 |       ||    12
       Spider Form       |     1 |    32 |    20 ||    53
       Wereblood         |       |     1 |       ||     1
       Ice Form          |       |       |    20 ||    20
Invok: Reject Sacrifices |       |       |     1 ||     1
 Abil: Breathe Lightning |       |       |     1 ||     1
       End Transformatio |       |       |     1 ||     1
Evoke: Wand              |       |       |     1 ||     1
  Use: Scroll            |     5 |     5 |     6 ||    16
       Potion            |       |       |     1 ||     1
 Stab: Sleeping          |     1 |       |       ||     1
Armor: Skin              |    23 |    13 |    53 ||    89
Dodge: Dodged            |    52 |   180 |   171 ||   403

Levels and vault maps discovered:
D:1:      dpeg_arrival_rhombus, layout_basic, nicolae_eternal_life,
          minivault_25, minmay_misc_feat_tiny, st_stairs_13
D:2:      minmay_recursive_quarters, layout_basic, uniq_terence
D:3:      layout_rooms, nicolae_overflow_hidden_temple, uniq_natasha
D:4:      layout_basic, uniq_ijyb, uniq_duvessa
D:5:      layout_loops_corners
D:6:      layout_loops_cross, mainiacjoe_overflow_alcove_4,
          minmay_misc_feat_rows
D:7:      lemuel_bear_cage, layout_gridville, grunt_qazlal_sundering,
          minmay_temple_entry_statues_pillars, kennysheep_cross_room
D:8:      layout_basic, enter_bailey_7, st_stairs_13, hangedman_decor_points
Temple:   nicolae_temple_superstar
Bailey:   bailey_polearm_elven_captive_hellmonk, bailey

Notes
Turn   | Place    | Note
-------+----------+-------------------------------------------
     0 | D:1      | kae the Draconian Transmuter began the quest for the Orb.
     0 | D:1      | Reached XP level 1. HP: 16/16 MP: 3/3
     0 | D:1      | magus.rc [v1.11.3]
    54 | D:1      | You pick up a book of Spectacle and begin reading...
    54 | D:1      | You add the spells Dazzling Flash, Iskenderun's Mystic
                  | Blast and Starburst to your library.
   370 | D:1      | Reached XP level 2. HP: 20/23 MP: 5/5
   869 | D:1      | Learned a level 2 spell: Wereblood
   937 | D:2      | Identified a scroll of acquirement
   937 | D:2      | Acquired 562 gold pieces
  1031 | D:2      | Reached XP level 3. HP: 29/29 MP: 4/6
  1050 | D:2      | Learned a level 3 spell: Spider Form
  1282 | D:2      | Reached skill level 2 in Fighting
  1559 | D:2      | Noticed Terence
  1601 | D:2      | Killed Terence
  1602 | D:2      | Reached skill level 1 in Poison Magic
  1602 | D:2      | Reached XP level 4. HP: 35/36 MP: 4/7
  1738 | D:2      | Reached skill level 4 in Unarmed Combat
  2014 | D:2      | Reached XP level 5. HP: 19/42 MP: 4/8
  2174 | D:3      | Noticed Natasha
  2193 | D:2      | Reached skill level 3 in Transmutations
  2193 | D:2      | Reached skill level 2 in Poison Magic
  2336 | D:3      | Killed Natasha
  2368 | D:3      | Noticed Natasha
  2380 | D:3      | Killed Natasha
  2478 | D:3      | Noticed Natasha
  2485 | D:3      | Killed Natasha
  2486 | D:3      | Reached XP level 6. HP: 50/50 MP: 6/10
  2491 | D:3      | Learned a level 4 spell: Ice Form
  2632 | D:3      | Found a burning altar of Makhleb.
  2634 | D:3      | Found a shimmering blue altar of Sif Muna.
  2814 | D:3      | You add the spells Sting, Poisonous Vapours and Olgreb's
                  | Toxic Radiance to your library.
  2922 | D:4      | Reached skill level 3 in Spellcasting
  3367 | D:4      | Identified the +1 robe "Toyrelobor" {Harm +Inv}
  3454 | D:4      | Reached skill level 1 in Ice Magic
  3580 | D:4      | Reached skill level 2 in Dodging
  4056 | D:4      | Noticed Dowan
  4058 | D:4      | Noticed Duvessa
  4072 | D:4      | Reached skill level 3 in Fighting
  4124 | D:4      | Killed Duvessa
  4125 | D:4      | Reached skill level 5 in Unarmed Combat
  4125 | D:4      | Your scales start taking on a glossy black colour.
  4125 | D:4      | Reached XP level 7. HP: 34/57 MP: 8/11
  4125 | D:4      | Gained mutation: You are resistant to electric shocks.
                  | (rElec) [Black Draconian growth]
  4126 | D:3      | Found a snail-covered altar of Cheibriados.
  4126 | D:3      | Found a glowing golden altar of the Shining One.
  4305 | D:4      | Killed Dowan
  4306 | D:4      | Reached skill level 2 in Ice Magic
  4490 | D:4      | Noticed Ijyb
  4517 | D:4      | Killed Ijyb
  6322 | D:5      | Entered Level 5 of the Dungeon
  6915 | D:5      | You add the spells Ignite Poison, Sticky Flame and Ignition
                  | to your library.
  7152 | D:5      | Reached skill level 3 in Ice Magic
  7406 | D:5      | Reached skill level 4 in Transmutations
  7406 | D:5      | Reached XP level 8. HP: 57/66 MP: 8/13
  7672 | D:6      | Reached skill level 3 in Dodging
  7677 | D:6      | Reached skill level 6 in Unarmed Combat
  7681 | D:6      | Reached skill level 4 in Fighting
  7882 | D:6      | You pick up a book of Scorching and begin reading...
  7882 | D:6      | You add the spells Scorch, Flame Wave and Summon Cactus
                  | Giant to your library.
  7974 | D:6      | Reached skill level 4 in Spellcasting
  8041 | D:6      | Found a blossoming altar of Fedhas.
  8241 | D:6      | Reached skill level 4 in Ice Magic
  8954 | D:7      | Found a staircase to the Ecumenical Temple.
  8978 | Temple   | Entered the Ecumenical Temple
  9110 | Temple   | Became a worshipper of Ru the Awakened
  9256 | D:7      | Found a stormy altar of Qazlal.
  9314 | D:7      | Reached XP level 9. HP: 72/72 MP: 11/15
  9349 | D:7      | Found a huge runed translucent gate.
  9349 | D:7      | Noticed a polar bear
  9349 | D:7      | Noticed a polar bear
  9350 | D:7      | Found a huge runed translucent gate.
  9350 | D:7      | Found a huge runed translucent gate.
  9350 | D:7      | Found a huge runed translucent gate.
  9350 | D:7      | Noticed a polar bear
  9350 | D:7      | Noticed a manticore
  9350 | D:7      | Noticed a polar bear
  9350 | D:7      | Noticed a manticore
  9351 | D:7      | Noticed a polar bear
  9492 | D:7      | Reached skill level 5 in Ice Magic
  9547 | D:7      | Reached skill level 7 in Unarmed Combat
  9805 | D:7      | Reached skill level 5 in Fighting
  9805 | D:7      | Reached skill level 5 in Transmutations
 10255 | D:7      | Reached skill level 4 in Dodging
 10790 | D:8      | Found a flagged portal.
 10822 | Bailey   | Entered a bailey
 10873 | Bailey   | HP: 20/88 [orc warrior/+0 halberd (5)]
 10874 | Bailey   | HP: 6/88 [orc warrior/+0 halberd (14)]
 10874 | Bailey   | Slain by an orc warrior

Vanquished Creatures
  A wyvern (D:7)
  2 water moccasins (D:7)
  Duvessa (D:4)
  4 sky beasts
  2 black bears
  An ogre (D:5)
  A centaur (D:7)
  4 phantoms
  A kobold brigand (D:7)
  3 bullfrogs
  A scorpion (D:5)
  9 wights
  Dowan (D:4)
  2 electric eels (D:7)
  2 jellies (D:7)
  2 hounds
  2 orc priests (D:2)
  Ijyb (D:4)
  Natasha (thrice) (D:3)
  Terence (D:2)
  3 iguanas
  3 orc wizards (D:6)
  22 gnolls
  6 adders
  An ufetubus (D:4)
  A worm (D:2)
  3 dart slugs
  25 orcs
  8 ball pythons
  5 endoplasms
  A giant cockroach (D:4)
  6 goblins
  4 hobgoblins
  7 jackals
  13 kobolds
  2 quokkas (D:3)
  2 bats (D:1)
  4 frilled lizards
  5 rats
165 creatures vanquished.

Table legend:
 A = Non-vault XP
 B = Vault XP
 C = Vault XP percentage of total XP
 D = Non-vault monster count
 E = Vault monster count
 F = Vault count percentage of total count
                 A         B        C        D         E       F
            +---------+---------+-------+---------+---------+-------
      Total |    4229 |     380 |   8.2 |     147 |      18 |  10.9
            +---------+---------+-------+---------+---------+-------
        D:1 |      25 |       1 |   3.8 |      16 |       1 |   5.9
        D:2 |     178 |      64 |  26.4 |      18 |       8 |  30.8
        D:3 |     147 |      36 |  19.7 |      20 |       1 |   4.8
        D:4 |     237 |     245 |  50.8 |      32 |       3 |   8.6
        D:5 |     582 |       0 |   0.0 |      16 |       0 |   0.0
        D:6 |     753 |       0 |   0.0 |      16 |       0 |   0.0
        D:7 |    1676 |       0 |   0.0 |      22 |       0 |   0.0
        D:8 |     631 |      31 |   4.7 |       7 |       4 |  36.4
     Bailey |       0 |       3 | 100.0 |       0 |       1 | 100.0
            +---------+---------+-------+---------+---------+-------

Illustrated notes

Table legend:
 A = Kills in this place as a percentage of kills in entire the game.
 B = Kills by you in this place as a percentage of kills by you in the entire game.
 C = Kills by friends in this place as a percentage of kills by friends in the entire game.
 D = Other kills in this place as a percentage of other kills in the entire game.
 E = Experience gained in this place as a percentage of experience gained in the entire game.
 F = Experience gained in this place divided by the number of levels of this place that you have seen.
                   A       B       C       D       E      F
               +-------+-------+-------+-------+-------+----------------------
         Total | 100.0 | 100.0 |   N/A |   N/A | 100.0 | 460.9
       Dungeon |  99.4 |  99.4 |   N/A |   N/A |  99.9 | 575.8
        Bailey |   0.6 |   0.6 |   N/A |   N/A |   0.1 |   3.0
               +-------+-------+-------+-------+-------+----------------------

Table legend: (Time is in decaauts)
 A = Elapsed time spent in this place.
 B = Non-inter-level travel time spent in this place.
 C = Inter-level travel time spent in this place.
 D = Time resting spent in this place.
 E = Time spent auto-exploring this place.
 F = Levels seen in this place.
 G = Mean time per level.
                   A        B        C        D        E       F      G
               +--------+--------+--------+--------+--------+-----+--------+
         Total |  10841 |  10575 |    266 |    943 |   8067 |  10 | 1084.1 |
       Dungeon |  10632 |  10402 |    230 |    943 |   7922 |   8 | 1329.0 |
        Temple |    158 |    122 |     36 |      0 |    107 |   1 |  158.0 |
        Bailey |     50 |     50 |      0 |      0 |     38 |   1 |   50.0 |
               +--------+--------+--------+--------+--------+-----+--------+

Top non-repeatable levels by time:
     D:4: 3058 daAuts
     D:7: 1444 daAuts
     D:2: 1372 daAuts
     D:6: 1269 daAuts
     D:5: 1236 daAuts
     D:3: 955 daAuts
     D:1: 931 daAuts
     D:8: 362 daAuts
  Temple: 158 daAuts
  Bailey: 50 daAuts
